 Dungeon Crawl Stone Soup version 0.31-a0-675-g238779eb0a (webtiles) character file.

Game seed: 12055486707867749693

5993 SmokeWeed the Skirmisher (level 10, 0/79 HPs)
             Began as a Gnoll Hunter on Sept 5, 2023.
             Was an Initiate of Gozag.
             Killed by an exploding killer bee (7 damage)
             ... ignited by their inner flame
             ... on level 10 of the Dungeon.
             The game lasted 00:30:38 (9323 turns).

SmokeWeed the Skirmisher (Gnoll Hunter)             Turns: 9323, Time: 00:30:39

Health: 0/79       AC: 11    Str: 13    XL:     10   Next: 85%
Magic:  18/18      EV: 15    Int: 12    God:    Gozag
Gold:   1266       SH: 12    Dex: 27    Spells: 20/20 levels left

rFire   . . .        q - +10 short sword "Guorr" {heavy, Contam *Slow rCorr Dex+9}
rCold   . . .        D - +0 kite shield
rNeg    . . .        m - +5 ring mail of the Shishi {Int-4 Dex+2 Slay+2}
rPois   .            (no helmet)
rElec   .            (no cloak)
rCorr   +            (no gloves)
SInv    +            (no boots)
Will    .....        y - amulet of the acrobat
Stlth   +++          L - +6 ring of intelligence
HPRegen 0.33/turn    C - ring of see invisible
MPRegen 0.16/turn

%: slow self (1%), acrobat
@: gold aura
A: fangs 1, strong nose, distributed training
a: Renounce Religion, Potion Petition, Call Merchant, Bribe Branch


You were on level 10 of the Dungeon.
You worshipped Gozag.
Gozag was most pleased with you.
You visited 2 branches of the dungeon, and saw 11 of its levels.

You collected 1320 gold pieces.
You paid 54 gold pieces to Gozag.

Inventory:

Hand Weapons
 a - a +0 shortbow
 q - the +10 short sword "Guorr" (weapon) {heavy, Contam *Slow rCorr Dex+9}
   (You found it on level 6 of the Dungeon)

   Dex+9:     It affects your dexterity (+9).
   Contam:    It causes magical contamination when unequipped.
   rCorr:     It protects you from acid and corrosion.
   *Slow:     It may slow you when you take damage.
 r - a +3 hand axe of venom
 v - a +3 short sword
 E - a +2 long sword of electrocution
 N - a +2 heavy war axe
Missiles
 e - 5 atropa-tipped darts
 i - 30 poisoned darts
 A - 15 boomerangs (quivered)
Armour
 c - a +0 leather armour
 d - a +0 ring mail
 m - the +5 ring mail of the Shishi (worn) {Int-4 Dex+2 Slay+2}
   (You found it on level 3 of the Dungeon)

   Int-4:     It affects your intelligence (-4).
   Dex+2:     It affects your dexterity (+2).
   Slay+2:    It affects your accuracy & damage with ranged weapons and melee
   (+2).
 o - a +1 chain mail
 D - a +0 kite shield (worn)
Jewellery
 f - a ring of ice
 j - a ring of protection from fire
 y - an amulet of the acrobat (around neck)
 C - a ring of see invisible (right hand)
 L - a +6 ring of intelligence (left hand)
Talismans
 t - a maw talisman
 H - a flux talisman
Wands
 n - a wand of flame (39)
 B - a wand of quicksilver (10)
 M - a wand of mindburst (9)
Scrolls
 b - a scroll of butterflies
 h - 4 scrolls of teleportation
 u - a scroll of enchant armour
 w - a scroll of revelation
 G - 3 scrolls of fog
 I - a scroll of identify
Potions
 g - a potion of magic
 k - 2 potions of brilliance
 l - a potion of cancellation
 p - a potion of heal wounds {unknown}
 s - a potion of enlightenment
 x - a potion of mutation
 z - 2 potions of attraction
 J - 2 potions of curing {unknown}
 K - a potion of ambrosia {unknown}


   Skills:
 + Level 7.4 Fighting
 + Level 5.7 Short Blades
 + Level 5.7 Long Blades
 + Level 5.7 Axes
 + Level 5.7 Maces & Flails
 + Level 5.7 Polearms
 + Level 5.7 Staves
 + Level 10.3 Ranged Weapons
 + Level 5.7 Throwing
 + Level 5.7 Armour
 + Level 7.4 Dodging
 + Level 6.3 Stealth
 + Level 5.7 Shields
 + Level 5.7 Unarmed Combat
 + Level 5.7 Spellcasting
 + Level 4.7 Conjurations
 + Level 4.7 Hexes
 + Level 4.7 Summonings
 + Level 4.7 Necromancy
 + Level 4.7 Translocations
 + Level 4.7 Transmutations
 + Level 4.7 Fire Magic
 + Level 4.7 Ice Magic
 + Level 4.7 Air Magic
 + Level 4.7 Earth Magic
 + Level 4.7 Poison Magic
 + Level 6.3 Invocations
 + Level 5.7 Evocations
 + Level 5.2 Shapeshifting


You had 20 spell levels left.
You didn't know any spells.
Your spell library contained the following spells:

 Spells                   Type           Power      Damage    Failure   Level
 Foxfire                  Conj/Fire      56%        2x1d6     16%         1
 Ozocubu's Armour         Ice            14%        N/A       43%         3
 Tukima's Dance           Hex            14%        N/A       43%         3
 Passage of Golubria      Tloc           14%        N/A       85%         4
 Yara's Violent Unravell  Hex/Tmut       7%         3d5       99%         5
 Plasma Beam              Fire/Air       7%         2x1d17    100%        6
 Starburst                Conj/Fire      7%         6d4       100%        6
 Ozocubu's Refrigeration  Ice            7%         4d9       100%        7


Dungeon Overview and Level Annotations

Branches:
Dungeon (10/15)            Temple (1/1) D:4            Lair (0/5) D:9
    Orc: D:9-12

Altars:
Ashenzari
Cheibriados
Dithmenos
Elyvilon
Fedhas
Gozag
Hepliaklqana
Kikubaaqudgha
Makhleb
Nemelex Xobeh
Okawaru
Qazlal
Ru
Sif Muna
Trog
Uskayaw
Vehumet
Wu Jian
Xom
Yredelemnul
Zin
The Shining One


Innate Abilities, Weirdness & Mutations

You have very sharp teeth.
Your uncanny sense of smell can sniff out nearby items.
Your experience applies equally to all skills.


Message History

The warg is almost dead.
You block the killer bee's attack.
A killer bee comes into view. x2
The killer bee closely misses you. x3; The killer bee barely misses you.
The warg closely misses you.
A killer bee comes into view.
The killer bee stings you. You block the killer bee's attack.
The killer bee closely misses you. The killer bee misses you.
A killer bee comes into view.
The warg misses you.
As you read the scroll labelled ZAGHAGI MAUSHRESHA, it crumbles to dust.
The creatures around you are filled with an inner flame!
It was a scroll of immolation.
You block the killer bee's attack. The killer bee stings you.
The killer bee closely misses you. x2
You block the killer bee's attack.
The killer bee stings you but does no damage.
The killer bee barely misses you. The killer bee closely misses you.
The warg bites you.
The killer bee buzzes angrily. x2
You puncture the killer bee!
Flame seeps out of the killer bee. x2
You bite the killer bee.
The killer bee is almost dead.
You block the killer bee's attack. x2
The killer bee is engulfed in blazing flames.
The killer bee explodes!
The fiery explosion engulfs you!!
The fiery explosion engulfs the killer bee!
Flame seeps out of the killer bee.
The killer bee is almost dead.
The fiery explosion engulfs the killer bee!!
The killer bee explodes!
The fiery explosion engulfs the killer bee!
The fiery explosion engulfs the killer bee!!
The fiery explosion engulfs you!!
* * * LOW HITPOINT WARNING * * *
The fiery explosion engulfs the killer bee!!
The killer bee explodes!
The fiery explosion engulfs you!
You die...
Your body crumbles into a pile of gold.

..... ..y.... ....
..yy...
...##.)...y..
#............
#............ ∆
#...##o...... ##
#####..§##ho......).
#......§○@§y......og
#......§○§§§##......
#.......§.§.##....#
#...$.$..)....y.$.#
#......$).$.........
##########..#...##..
###########.##.###
.........#.....#
.#######.#.###.#


You could see a warg (inner flame), 5 killer bees and 2 orcs.

Vanquished Creatures
  Maggie (D:10)
  4 slime creatures (D:10)
  8 yaks (D:9)
  2 wraiths (D:9)
  2 wyverns
  A steam dragon (D:8)
  3 water moccasins (D:9)
  5 orc warriors
  5 black bears
  An ogre (D:7)
  2 centaurs
  3 phantoms
  A kobold brigand (D:8)
  2 bullfrogs
  4 scorpions
  5 killer bees (D:10)
  A howler monkey (D:5)
  3 quasits (D:8)
  A jelly (D:4)
  5 orc priests
  A gnoll bouda (D:8)
  4 hounds
  A sleepcap (D:6)
  9 orc wizards
  13 gnolls
  4 adders
  6 shadow imps (D:8)
  4 white imps (D:8)
  6 ufetubi
  3 worms
  4 dart slugs
  30 orcs
  6 bats
  8 endoplasms
  A giant cockroach (D:1)
  7 goblins
  8 hobgoblins
  2 quokkas
  4 ball pythons
  3 frilled lizards
  12 kobolds
  12 rats
207 creatures vanquished.

Vanquished Creatures (others)
  An orc wizard (D:8)
  A goblin (D:4)
2 creatures vanquished.

Grand Total: 209 creatures vanquished

Notes
Turn   | Place    | Note
-------+----------+-------------------------------------------
     0 | D:1      | SmokeWeed the Gnoll Hunter began the quest for the Orb.
     0 | D:1      | Reached XP level 1. HP: 20/20 MP: 1/1
   136 | D:1      | Reached XP level 2. HP: 26/26 MP: 2/2
   554 | D:1      | Reached XP level 3. HP: 31/31 MP: 3/3
   847 | D:2      | Reached skill level 1 in Invocations
  1191 | D:2      | Reached skill level 1 in Short Blades
  1191 | D:2      | Reached skill level 1 in Long Blades
  1191 | D:2      | Reached skill level 1 in Axes
  1191 | D:2      | Reached skill level 1 in Maces & Flails
  1191 | D:2      | Reached skill level 1 in Polearms
  1191 | D:2      | Reached skill level 1 in Staves
  1191 | D:2      | Reached skill level 1 in Throwing
  1191 | D:2      | Reached skill level 1 in Armour
  1191 | D:2      | Reached skill level 1 in Shields
  1191 | D:2      | Reached skill level 1 in Unarmed Combat
  1191 | D:2      | Reached skill level 1 in Spellcasting
  1191 | D:2      | Reached skill level 1 in Evocations
  1206 | D:2      | Reached skill level 1 in Shapeshifting
  1206 | D:2      | Reached XP level 4. HP: 26/38 MP: 5/5
  1274 | D:2      | Found a faded altar of an unknown god.
  1685 | D:2      | Reached skill level 1 in Conjurations
  1685 | D:2      | Reached skill level 1 in Hexes
  1685 | D:2      | Reached skill level 1 in Summonings
  1685 | D:2      | Reached skill level 1 in Necromancy
  1685 | D:2      | Reached skill level 1 in Translocations
  1685 | D:2      | Reached skill level 1 in Transmutations
  1685 | D:2      | Reached skill level 1 in Fire Magic
  1685 | D:2      | Reached skill level 1 in Ice Magic
  1685 | D:2      | Reached skill level 1 in Air Magic
  1685 | D:2      | Reached skill level 1 in Earth Magic
  1685 | D:2      | Reached skill level 1 in Poison Magic
  2544 | D:3      | Reached XP level 5. HP: 39/43 MP: 5/7
  2596 | D:3      | Identified the +5 ring mail of the Shishi {Int-4 Dex+2
                  | Slay+2}
  2910 | D:4      | Found a staircase to the Ecumenical Temple.
  2916 | D:4      | Reached XP level 6. HP: 50/50 MP: 8/8
  3007 | Temple   | Entered the Ecumenical Temple
  3182 | D:4      | Reached skill level 5 in Fighting
  3182 | D:4      | Reached skill level 5 in Dodging
  3753 | D:4      | Found a shimmering blue altar of Sif Muna.
  3753 | D:4      | Found a sparkling altar of Nemelex Xobeh.
  3753 | D:4      | Found an iron altar of Okawaru.
  3782 | D:4      | Found a hide-covered altar of Uskayaw.
  3783 | D:4      | Found a bloodstained altar of Trog.
  3787 | D:4      | Found a hazy altar of Hepliaklqana.
  3788 | D:4      | Found a basalt altar of Yredelemnul.
  3791 | D:4      | Found a blossoming altar of Fedhas.
  3794 | D:4      | Found an opulent altar of Gozag.
  3795 | D:4      | Found an ornate altar of the Wu Jian Council.
  3800 | D:4      | Became a worshipper of Gozag Ym Sagoz the Greedy
  4491 | D:5      | Entered Level 5 of the Dungeon
  4498 | D:5      | Reached XP level 7. HP: 53/56 MP: 10/10
  4554 | D:5      | Found a shadowy altar of Dithmenos.
  4677 | D:5      | Reached skill level 9 in Ranged Weapons
  5425 | D:6      | Reached XP level 8. HP: 46/63 MP: 12/12
  5573 | D:6      | Identified the +10 short sword "Guorr" {heavy, Contam *Slow
                  | rCorr Dex+9}
  5588 | D:6      | Found a sacrificial altar of Ru.
  5960 | D:7      | Noticed a wyvern
  5963 | D:7      | Noticed a gargoyle
  5966 | D:7      | Noticed a two-headed ogre
  5971 | D:7      | Killed a wyvern
  5989 | D:7      | Noticed a two-headed ogre
  6215 | D:8      | Reached XP level 9. HP: 44/69 MP: 14/14
  6783 | D:8      | Found a stormy altar of Qazlal.
  6808 | D:8      | Reached skill level 5 in Stealth
  7814 | D:9      | Reached skill level 5 in Invocations
  8016 | D:9      | Found a shimmering altar of Xom.
  8063 | D:9      | Found a staircase to the Lair.
  8077 | D:9      | Reached XP level 10. HP: 77/77 MP: 17/17
  8085 | D:9      | Reached skill level 5 in Short Blades
  8085 | D:9      | Reached skill level 5 in Long Blades
  8085 | D:9      | Reached skill level 5 in Axes
  8085 | D:9      | Reached skill level 5 in Maces & Flails
  8085 | D:9      | Reached skill level 5 in Polearms
  8085 | D:9      | Reached skill level 5 in Staves
  8085 | D:9      | Reached skill level 5 in Throwing
  8085 | D:9      | Reached skill level 5 in Armour
  8085 | D:9      | Reached skill level 5 in Shields
  8085 | D:9      | Reached skill level 5 in Unarmed Combat
  8085 | D:9      | Reached skill level 5 in Spellcasting
  8085 | D:9      | Reached skill level 5 in Evocations
  8108 | D:9      | Reached skill level 10 in Ranged Weapons
  8775 | D:9      | Reached skill level 5 in Shapeshifting
  9108 | D:10     | Entered Level 10 of the Dungeon
  9203 | D:10     | Noticed Maggie
  9214 | D:10     | Killed Maggie
  9323 | D:10     | Killed by an exploding killer bee... ignited by their inner
                  | flame

Illustrated notes

Levels and vault maps discovered:
D:1:      dpeg_arrival_brainrot, layout_basic, hangedman_decor_push
D:2:      minmay_chambers_of_twos, layout_loops_cross,
          hellmonk_ecumenical_altar_lost_god, grunt_ministairs_8,
          hangedman_decor_peaks_small, minmay_misc_feat_x
D:3:      layout_basic
D:4:      layout_layer_cave, nicolae_overflow_hallway_of_the_gods,
          minmay_temple_entry_statues_pillars
D:5:      layout_cave_pools, nicolae_dithmenos_the_darkroom
D:6:      layout_rooms, mainiacjoe_overflow_tiny_flanked
D:7:      layout_rooms, dilly_guarded_unrand_devastator
D:8:      layout_layer_cave, nicolae_overflow_hidden_temple, serial_demonic,
          serial_demonic_f, serial_demonic_g, serial_demonic_g,
          serial_demonic_c, serial_demonic_f, serial_demonic_d,
          serial_demonic_b, serial_demonic_d
D:9:      layout_cave_pods, overflow_temple_1_default,
          due_lair_maze_entry_diamond
D:10:     layout_basic, erik_orc_4, serial_shops,
          nicolae_shop_pleasant_corner_grove, uniq_grum, uniq_maggie
Temple:   nicolae_temple_two_arcs

Skill      XL: |  1  2  3  4  5  6  7  8  9 10 |
---------------+-------------------------------+-----
Invocations    | 1 2 3 4 5 6 |  6.3
Short Blades   | 1 2 3 4 5 |  5.7
Long Blades    | 1 2 3 4 5 |  5.7
Axes           | 1 2 3 4 5 |  5.7
Maces & Flails | 1 2 3 4 5 |  5.7
Polearms       | 1 2 3 4 5 |  5.7
Staves         | 1 2 3 4 5 |  5.7
Throwing       | 1 2 3 4 5 |  5.7
Armour         | 1 2 3 4 5 |  5.7
Shields        | 1 2 3 4 5 |  5.7
Unarmed Combat | 1 2 3 4 5 |  5.7
Spellcasting   | 1 2 3 4 5 |  5.7
Evocations     | 1 2 3 4 5 |  5.7
Shapeshifting  | 1 2 3 4 5 |  5.2
Conjurations   | 1 2 3 4 |  4.7
Hexes          | 1 2 3 4 |  4.7
Summonings     | 1 2 3 4 |  4.7
Necromancy     | 1 2 3 4 |  4.7
Translocations | 1 2 3 4 |  4.7
Transmutations | 1 2 3 4 |  4.7
Fire Magic     | 1 2 3 4 |  4.7
Ice Magic      | 1 2 3 4 |  4.7
Air Magic      | 1 2 3 4 |  4.7
Earth Magic    | 1 2 3 4 |  4.7
Poison Magic   | 1 2 3 4 |  4.7
Stealth        | 3 4 5 6 |  6.3
Fighting       | 5 6 7 |  7.4
Dodging        | 5 6 7 |  7.4
Ranged Weapons | 9 10 | 10.3

Action                     |  1- 3 |  4- 6 |  7- 9 | 10-12 || total
---------------------------+-------+-------+-------+-------++-------
  Melee: Hand axe          |       |   111 |    41 |       ||   152
         Bite              |       |    11 |    23 |    14 ||    48
         Short sword       |       |     3 |   155 |   108 ||   266
         Punch             |       |     1 |       |       ||     1
         Long sword        |       |       |    18 |       ||    18
   Fire: Shortbow          |    97 |     8 |       |       ||   105
  Throw: Boomerang         |       |       |     9 |    14 ||    23
  Evoke: Wand              |       |       |     1 |       ||     1
    Use: Scroll            |       |     7 |    11 |     1 ||    19
         Potion            |       |       |     1 |       ||     1
   Stab: Distracted        |       |     2 |     4 |     1 ||     7
         Sleeping          |       |     2 |     2 |     1 ||     5
 Armour: Leather armour    |     1 |       |       |       ||     1
         Ring mail         |    14 |    44 |   126 |    75 ||   259
         Chain mail        |       |    47 |       |       ||    47
  Dodge: Dodged            |    18 |    58 |   161 |   101 ||   338
  Block: Kite shield       |       |       |   133 |   108 ||   241

Table legend: (Time is in decaauts)
 A = Elapsed time spent in this place.
 B = Non-inter-level travel time spent in this place.
 C = Inter-level travel time spent in this place.
 D = Time resting spent in this place.
 E = Time spent auto-exploring this place.
 F = Levels seen in this place.
 G = Mean time per level.
                   A        B        C        D        E       F      G
               +--------+--------+--------+--------+--------+-----+--------+
         Total |   9459 |   9099 |    360 |    790 |   6228 |  11 |  859.9 |
       Dungeon |   9406 |   9046 |    360 |    790 |   6228 |  10 |  940.6 |
        Temple |     53 |     53 |      0 |      0 |      0 |   1 |   53.0 |
               +--------+--------+--------+--------+--------+-----+--------+

Top non-repeatable levels by time:
     D:8: 1627 daAuts
     D:4: 1571 daAuts
     D:9: 1422 daAuts
     D:2: 1322 daAuts
     D:5: 927 daAuts
     D:3: 814 daAuts
     D:1: 762 daAuts
     D:6: 589 daAuts
    D:10: 228 daAuts
     D:7: 140 daAuts
  Temple: 53 daAuts
